 Dungeon Crawl Stone Soup version 0.18-a0-1197-g8004e50 (webtiles) character file.

35 Duffy the Ruffian (level 3, 25/28 HPs)
             Began as a Draconian Transmuter on Jan 30, 2016.
             Quit the game on level 1 of the Dungeon.
             The game lasted 00:01:14 (1072 turns).

Duffy the Ruffian (Draconian Transmuter)            Turns: 1072, Time: 00:01:14

Health: 25/28      AC:  6    Str: 13    XL:     3   Next: 16%
Magic:  6/6        EV: 12    Int: 13    God:
Gold:   16         SH:  0    Dex: 11    Spells: 2 memorised, 2 levels left

rFire  . . .     SeeInvis .       - Unarmed
rCold  . . .     Gourm    .     (armour unavailable)
rNeg   . . .     Faith    .     (no shield)
rPois  .         Spirit   .     (helmet restricted)
rElec  .         Dismiss  .     d - +0 cloak
rCorr  .         Reflect  .     (no gloves)
SustAt .         Harm     .     (no boots)
MR     .....     Rnd*Tele +     (no amulet)
Stlth  +.........               (no ring)
                                j - ring of teleportation (curse)

@: about to teleport, not resistant to hostile enchantments, very unstealthy
A: unfitting armour, cold-blooded, AC +5
a: no special abilities


You were on level 1 of the Dungeon.
You were not hungry.

You visited 1 branch of the dungeon, and saw 2 of its levels.

You collected 16 gold pieces.


Innate Abilities, Weirdness & Mutations

Your plain brown scales are hard (AC +5).
Your body does not fit into most forms of armour.
You are cold-blooded and may be slowed by cold attacks.


   Skills:
 - Level 1.1 Fighting
 - Level 1.7 Dodging
 - Level 4.2 Unarmed Combat
 - Level 2.0 Spellcasting
 - Level 2.0 Transmutations
 + Level 0.2 Poison Magic


You had 2 spell levels left.
You knew the following spells:

 Your Spells              Type           Power        Failure   Level  Hunger
a - Spider Form           Trmt/Pois      #.........   52%         3    ####...
b - Beastly Appendage     Trmt           #.....       12%         1    ##.....

Inventory:

Missiles
 a - 12 arrows
Armour
 d - a +0 cloak (worn)
Jewellery
 j - a cursed ring of teleportation (left hand)
Potions
 g - a potion of ambrosia {unknown}
 h - a potion of curing {unknown}
 k - a potion of lignification {unknown}
 l - a potion of mutation {unknown}
Books
 b - a book of Changes
Comestibles
 c - a bread ration

Dungeon Overview and Level Annotations

Branches:
Dungeon (2/15)

Altars:
Ru


Message History

You closely miss the kobold.
The kobold is moderately wounded.
The kobold hits you but does no damage.
You closely miss the kobold.
The kobold is moderately wounded.
The kobold hits you but does no damage.
The giant newt bites you but does no damage.
You hit the kobold but do no damage.
The kobold is moderately wounded.
The kobold hits you but does no damage. The giant newt completely misses you.
You hit the kobold.
You kill the kobold!
The giant newt bites you but does no damage.
You hit the giant newt.
You kill the giant newt!
No target in view!
No target in view!
No target in view!
No target in view!
No target in view!
No target in view!
No target in view!
No target in view!
No target in view!
No target in view!
No target in view!
Read which item? (? for menu, Esc to quit)
As you read the scroll labeled RACVELA KILOTO, it crumbles to dust.
You smell wet wool.
It was a scroll of random uselessness.
Read which item? (? for menu, Esc to quit)
As you read the scroll labeled RIMMOI LOAM, it crumbles to dust.
You feel strangely unstable.
It was a scroll of teleportation.
Are you sure you want to abandon this character and quit the game? (Confirm with "yes".)
Okay, then.
Are you sure you want to abandon this character and quit the game? (Confirm with "yes".)

#####.####....###.....(########..
#.####....................)>.
#####........####........>....%.#
#...#.......<.......##########...
#.#+####.#..........# #.#.
..#....####.........# ########...
.........####.......# #.....##>.#
....#......##..)....# #.....##..#
.%####.....)...%@...# #.....##..#
#..#####............# #.....##..)
#....#####.#.####.(## #.....##..#
##.....#####.# #...# #.....##..#
.........#######.#(# #.....##..#
####.......##.#..#.# #.....##..#
#.##..##....#...##.####.....##.##
#.####.####......#.............#
#.# #.## #..>....##.#######...#*


There were no monsters in sight!

Action                   || total
-------------------------++-------
Melee: Unarmed           ||   147
  Use: Scroll            ||     3
  Eat: Chunk             ||     1

Notes
Turn   | Place    | Note
--------------------------------------------------------------
     0 | D:1      | Duffy the Draconian Transmuter began the quest for the Orb.
     0 | D:1      | Reached XP level 1. HP: 16/16 MP: 3/3
    58 | D:2      | Found a sacrificial altar of Ru.
   119 | D:1      | Reached XP level 2. HP: 15/23 MP: 5/5
   522 | D:1      | Reached skill level 4 in Unarmed Combat
   799 | D:1      | Reached XP level 3. HP: 20/28 MP: 6/6
  1055 | D:1      | Learned a level 3 spell: Spider Form
  1072 | D:1      | Quit the game

Vault maps used:
D:1:      dpeg_arrival_long_road, fountainhead, minivault_14
D:2:      minivault_14, nicolae_ru_awakened_eye, uniq_sigmund

Vanquished Creatures
  A giant gecko
  2 giant cockroaches
  6 goblins
  6 hobgoblins
  4 jackals
  3 bats
  2 giant newts
  3 kobolds
  2 rats
29 creatures vanquished.
